[Event "Tournoi des Jeunes Maitres"]
[Site "www.ceg.ch"]
[Date "2010.08.07"]
[Round "1"]
[White "Meszaros, Gyula"]
[Black "Fabre, Mathias"]
[Result "1-0"]
[ECO "A45"]
[WhiteElo "2437"]
[BlackElo "2097"]
[PlyCount "136"]
[EventDate "2010.??.??"]
[TimeControl "5400"]

1. d4 Nf6 2. Bg5 Ne4 3. Bf4 c5 4. f3 Qa5+ 5. c3 Nf6 6. Nd2 cxd4 7. Nb3 Qb6 8.
Qxd4 Nc6 9. Qxb6 axb6 10. Nd4 e5 11. Nxc6 exf4 12. Nd4 Nd5 13. e4 Ne3 14. g3
Nxf1 15. Kxf1 Bd6 16. Nf5 Be5 17. gxf4 Bxf4 18. Nxg7+ Kf8 19. Nh5 Be5 20. a3
Ra5 21. Rc1 d5 22. Ng3 Be6 23. N1e2 dxe4 24. fxe4 Rg8 25. Kf2 Rg4 26. Kf3 Rg6
27. Nd4 Bh3 28. Rcg1 Rf6+ 29. Ke3 Bf4+ 30. Kd3 Rd6 31. Nge2 Be5 32. Ke3 Rf6 33.
Nf3 Bd6 34. Ng5 Rh6 35. Nd4 Rh4 36. Kd3 h6 37. Ngf3 Rf4 38. Rg3 Rh5 39. Rhg1
Bd7 40. Rg8+ Ke7 41. b4 Rh3 42. R1g3 Rh5 43. Rg2 Bh3 44. Rg1 Bd7 45. h4 b5 46.
Ke3 Rf6 47. Ne2 Bc6 48. Ned4 Bd7 49. Rh8 Bf4+ 50. Kd3 Bd6 51. Rgg8 Rf4 52. Ke3
Rg4 53. Rxg4 Bxg4 54. e5 Bc7 55. Nxb5 Bb6+ 56. Nbd4 Bxf3 57. Kxf3 Bxd4 58. cxd4
Rxh4 59. Ke3 h5 60. d5 Rh1 61. Rb8 Rh3+ 62. Kf4 Rxa3 63. Rxb7+ Ke8 64. Rb8+ Kd7
65. Rf8 Ke7 66. Rh8 Rb3 67. d6+ Kd7 68. Rf8 Rxb4+ 1-0